 Dungeon Crawl Stone Soup version 0.25-a0-975-gcae8493d64 (webtiles) character file.

Game seed: 7246732337221042975, levelgen mode: deterministic

12905 Flugslaktarn the Cleaver (level 11, -3/103 HPs)
             Began as a Deep Dwarf Fighter on May 10, 2020.
             Was an Initiate of Gozag.
             Slain by Snorg (17 damage)
             ... on level 11 of the Dungeon.
             The game lasted 00:05:48 (6830 turns).

Flugslaktarn the Cleaver (Deep Dwarf Fighter)       Turns: 6830, Time: 00:05:49

Health: -3/103     AC: 17    Str: 21    XL:     11   Next: 68%
Magic:  1/1        EV:  7    Int:  9    God:    Gozag
Gold:   934        SH: 12    Dex: 14    Spells: 10/10 levels left

rFire    . . .     SeeInvis .   a - +1 war axe
rCold    . . .     Gourm    .   c - +0 kite shield
rNeg     . . .     Faith    .   b - +0 chain mail
rPois    .         Spirit   .   i - +0 helmet (curse)
rElec    .         Reflect  .   (no cloak)
rCorr    .         Harm     .   p - +0 pair of gloves
MR       +....                  g - +2 pair of boots
Stlth    ..........             (no amulet)
HPRegen  0.00/turn              (no ring)
MPRegen  0.07/turn              (no ring)

@: mighty, gold aura, non-regenerating, hasted, very quick
A: damage resistance, heal wounds, sense surroundings 2, no regeneration
a: Heal Wounds, Potion Petition, Call Merchant, Bribe Branch, Renounce Religion


You were on level 11 of the Dungeon.
You worshipped Gozag.
Gozag was pleased with you.
You were not hungry.

You visited 2 branches of the dungeon, and saw 12 of its levels.

You collected 1742 gold pieces.
You spent 696 gold pieces at shops.
You paid 112 gold pieces to Gozag.

Inventory:

Hand Weapons
 a - a +1 war axe (weapon)
Missiles
 f - 4 throwing nets (quivered)
Armour
 b - a +0 chain mail (worn)
   (You found it on level 5 of the Dungeon)
 c - a +0 kite shield (worn)
 g - a +2 pair of boots (worn)
   (You found it on level 4 of the Dungeon)
 i - a cursed +0 helmet (worn)
   (You found it on level 8 of the Dungeon)
 p - a +0 pair of gloves (worn)
   (You found it on level 9 of the Dungeon)
Jewellery
 l - a cursed -3 ring of dexterity {unknown}
   (You found it on level 8 of the Dungeon)
Scrolls
 j - a scroll of vulnerability {unknown}
 k - 3 scrolls of enchant weapon
 r - 4 scrolls of identify
 t - a scroll of teleportation
 x - 6 scrolls of remove curse
 y - a scroll of blinking {unknown}
Potions
 d - a potion of might
 h - 4 potions of haste
 m - 5 potions of invisibility
 n - 2 potions of cancellation {unknown}
 o - 4 potions of lignification
 q - 2 potions of degeneration {unknown}
 s - 6 potions of curing {unknown}
 u - a potion of stabbing {unknown}
 v - a potion of experience {unknown}
 w - 2 potions of heal wounds
 A - 2 potions of flight
Comestibles
 e - 18 rations


   Skills:
 + Level 8.2 Fighting
 * Level 12.9 Axes
 + Level 9.9 Armour
 + Level 9.8 Shields


You had 10 spell levels left.
You didn't know any spells.
Your spell library was empty.

Dungeon Overview and Level Annotations

Branches:
Dungeon (11/15)            Temple (1/1) D:6             Orc (0/2) D:9
   Lair: D:8-11

Altars:
Ashenzari
Cheibriados
Dithmenos
Elyvilon
Gozag
Hepliaklqana
Kikubaaqudgha
Makhleb
Nemelex Xobeh
Okawaru
Qazlal
Ru
Sif Muna
Trog
Uskayaw
Vehumet
Wu Jian
Xom
Yredelemnul
Zin
The Shining One

Shops:
D:4 !   D:5 ![   D:8 [   D:9 !   D:10 :

Portals:
Trove: D:10 (give 14 potions of heal wounds)

Annotations:
D:10 3 exclusions
D:11 Snorg


Innate Abilities, Weirdness & Mutations

You are resistant to damage.
You can heal yourself by infusing magical energy.
You passively map the area around you.
You do not regenerate.


Message History

You are too injured to fight recklessly!
You barely miss Snorg.
Snorg is heavily wounded.
The hell rat is no longer distracted by gold.
The quokka is no longer distracted by gold.
Snorg bites you!
* * * LOW HITPOINT WARNING * * *
You block Snorg's attack. Snorg claws you.
* * * LOW HITPOINT WARNING * * *
The worker ant zombie becomes distracted by the nearby gold, dreaming of imaginary riches.
You slash Snorg!
Snorg is severely wounded.
Snorg barely misses you. You block Snorg's attack. Snorg completely misses you.
The hell rat becomes distracted by the nearby gold, dreaming of imaginary riches.
The hell rat roars deafeningly!
You slice Snorg!!
Snorg is almost dead.
You float gracefully downwards.
Snorg bites you!!
You die...
Your body crumbles into a pile of gold.

############## ,,
.............# * ##### ,
.....)........, , ....# *,,
(.......###########...#####*
..<.....'.........#........
,
........#.........#........
,
........#.........#........
####....###########$$......
, , *
#........rorT@$$$$......, ,
#........Zr########....., ,
#..........# , ###. ,
#........T.# , , ,, *
#..######..# ,, ,* , #..*,
,#..# , , ,, #..* , #..#, ,
, , #., ,,, #.##, , * *,,
,#.# , , , *


You could see Snorg (berserk), a hell rat, a river rat, an orc, a worker ant
zombie and a quokka.

Vanquished Creatures
  Gastronok (D:9)
  A two-headed ogre (D:9)
  3 death yaks (D:11)
  An ugly thing (D:10)
  A gargoyle (D:10)
  3 trolls
  Grinder (D:3)
  A hornet (D:11)
  3 hippogriffs
  8 yaks
  A steam dragon (D:8)
  3 water moccasins
  A porcupine (D:11)
  7 orc warriors
  A necrophage (D:7)
  3 sky beasts
  7 ogres
  3 phantoms
  4 centaurs
  2 big kobolds
  6 bullfrogs
  3 scorpions
  3 killer bees (D:7)
  2 howler monkeys
  5 wights (D:8)
  5 crimson imps
  A bullfrog zombie (D:6)
  A quasit (D:11)
  2 centaur skeletons
  3 hounds
  3 jellies (D:8)
  14 orc wizards
  3 gnoll shamans
  An orc priest (D:9)
  2 bullfrog skeletons
  3 iguanas
  Natasha (thrice) (D:2)
  A hell rat (D:11)
  5 worker ants
  2 hound skeletons
  A howler monkey zombie (D:6)
  11 gnolls
  8 adders
  2 shadow imps
  7 oozes
  An adder zombie (D:6)
  5 worms
  2 dart slugs
  3 leopard geckos
  43 orcs
  2 bats
  5 giant cockroaches
  A hobgoblin (D:3)
  14 jackals
  14 kobolds
  8 quokkas
  4 ball pythons
  3 frilled lizards
  4 goblins
  A jackal zombie (D:5)
  A leopard gecko skeleton (D:7)
  A quokka zombie (D:5)
  4 rats
268 creatures vanquished.

Notes
Turn   | Place    | Note
-------+----------+-------------------------------------------
     0 | D:1      | Flugslaktarn the Deep Dwarf Fighter began the quest for the
                  | Orb.
     0 | D:1      | Reached XP level 1. HP: 20/20 MP: 1/1
   207 | D:2      | Reached XP level 2. HP: 18/27 MP: 2/2
   246 | D:2      | Noticed a crimson imp
   262 | D:2      | Found a basalt altar of Yredelemnul.
   263 | D:2      | Killed a crimson imp
   263 | D:2      | Reached skill level 3 in Axes
   263 | D:2      | Reached XP level 3. HP: 26/34 MP: 3/3
   268 | D:2      | Noticed Natasha
   279 | D:2      | Killed Natasha
   279 | D:2      | Reached XP level 4. HP: 23/42 MP: 4/4
   302 | D:2      | Noticed Natasha
   309 | D:2      | Killed Natasha
   396 | D:2      | Noticed Natasha
   409 | D:2      | Killed Natasha
   409 | D:2      | Reached skill level 4 in Axes
   409 | D:2      | Reached XP level 5. HP: 33/49 MP: 5/5
   551 | D:4      | Found Ufehomei's Distillery.
   776 | D:4      | Reached XP level 6. HP: 47/56 MP: 6/6
   918 | D:4      | Reached skill level 5 in Axes
  1281 | D:5      | Entered Level 5 of the Dungeon
  1283 | D:5      | Found an iron altar of Okawaru.
  1314 | D:5      | Found Joist's Distillery.
  1322 | D:5      | Bought a potion of invisibility for 96 gold pieces
  1350 | D:5      | Reached XP level 7. HP: 43/64 MP: 5/5
  1358 | D:5      | Reached skill level 5 in Armour
  1358 | D:5      | Reached skill level 5 in Shields
  1471 | D:5      | Reached skill level 6 in Axes
  1690 | D:5      | Found Roexkuah's Antique Armour Shop.
  2164 | D:6      | Found a staircase to the Ecumenical Temple.
  2172 | Temple   | Entered the Ecumenical Temple
  2544 | D:3      | Reached XP level 8. HP: 73/73 MP: 5/5
  2759 | D:3      | Noticed Grinder
  2779 | D:3      | Killed Grinder
  2779 | D:3      | Reached skill level 7 in Axes
  3046 | Temple   | Became a worshipper of Gozag Ym Sagoz the Greedy
  3377 | D:6      | Reached skill level 5 in Fighting
  3419 | D:6      | Found a glowing golden altar of the Shining One.
  3422 | D:6      | Found a burning altar of Makhleb.
  3432 | D:6      | Found a stormy altar of Qazlal.
  3432 | D:6      | Found a shattered altar of Ashenzari.
  3432 | D:6      | Found a shadowy altar of Dithmenos.
  3432 | D:6      | Found a hide-covered altar of Uskayaw.
  3432 | D:6      | Found a radiant altar of Vehumet.
  3433 | D:6      | Found an iron altar of Okawaru.
  3434 | D:6      | Found a shimmering blue altar of Sif Muna.
  3436 | D:6      | Found an ancient bone altar of Kikubaaqudgha.
  3437 | D:6      | Found a snail-covered altar of Cheibriados.
  3504 | D:6      | Reached skill level 8 in Axes
  4021 | D:7      | Noticed a hippogriff
  4029 | D:7      | Killed a hippogriff
  4118 | D:7      | Gained mutation: You passively map the area around you.
                  | [Deep Dwarf growth]
  4118 | D:7      | Reached XP level 9. HP: 69/81 MP: 6/6
  4433 | D:8      | Reached skill level 9 in Axes
  4493 | D:8      | Reached skill level 10 in Axes
  4594 | D:8      | Found a shadowy altar of Dithmenos.
  4755 | D:8      | Found Tuamieps's Antique Armour Shoppe.
  4780 | D:8      | Reached XP level 10. HP: 52/92 MP: 7/7
  5291 | D:9      | Found a staircase to the Orcish Mines.
  5572 | D:9      | Noticed a two-headed ogre
  5597 | D:9      | Reached skill level 11 in Axes
  5610 | D:9      | Killed a two-headed ogre
  5909 | D:9      | Found Nek Sapu's Distillery.
  5911 | D:9      | Noticed Gastronok
  5937 | D:9      | Killed Gastronok
  5937 | D:9      | Reached skill level 12 in Axes
  5937 | D:9      | Reached XP level 11. HP: 57/100 MP: 5/5
  5943 | D:9      | Bought 2 potions of haste for 300 gold pieces
  5943 | D:9      | Bought 2 potions of haste for 300 gold pieces
  6116 | D:10     | Entered Level 10 of the Dungeon
  6116 | D:10     | Found a portal to a secret trove of treasure.
  6210 | D:10     | Noticed a red ugly thing
  6224 | D:10     | Killed a red ugly thing
  6457 | D:10     | Found Gaaluuhe's Book Shoppe.
  6477 | D:10     | Noticed an eight-headed hydra
  6740 | D:11     | Noticed Snorg
  6746 | D:11     | Noticed a death yak
  6747 | D:11     | Paralysed by a hornet for 3 turns
  6747 | D:11     | Noticed a death yak
  6750 | D:11     | Noticed a death yak
  6775 | D:11     | Killed a death yak
  6782 | D:11     | Killed a death yak
  6793 | D:11     | Killed a death yak
  6830 | D:11     | Slain by Snorg

Illustrated notes

Levels and vault maps discovered:
D:1:      ncdulo_watergridlock, layout_loops_ring, serial_forest,
          infiniplex_forest_end_2, infiniplex_forest_lined_3,
          infiniplex_forest_clump_long, infiniplex_forest_straight_5,
          infiniplex_forest_lined_2, infiniplex_forest_end_2,
          infiniplex_forest_end_2
D:2:      layout_rooms, yredelemnul_altar_generic, minmay_misc_feat_rows,
          uniq_natasha, uniq_crazy_yiuf_cottage, uniq_terence
D:3:      layout_basic, first_ration, uniq_grinder
D:4:      layout_gridville, serial_shops, shop
D:5:      minmay_diamond_boxcup, layout_loops_corners, serial_shops,
          nicolae_shop_trees, nicolae_shop_statue_plus,
          okawaru_ov_weapons_minmay
D:6:      layout_basic, minitemple, minmay_temple_entry_ruins
D:7:      layout_rooms
D:8:      layout_cave_pools, serial_shops, nicolae_shop_overgrown_old_shop,
          grunt_decor_one_mirror, hangedman_little_slice_of_home,
          grunt_dithmenos_smoke
D:9:      layout_cave_pods, david_orc_4, serial_shops, nicolae_shop_stone,
          minmay_pinched_square, uniq_gastronok
D:10:     cheibrodos_statue_roulette, layout_long_grid, serial_shops,
          kennysheep_mini, nicolae_trove_entry_crossroad
D:11:     minmay_weird_star, layout_irregular_city, dpeg_lair_monsters,
          gauntlet_entry_generic, uniq_snorg
Temple:   compressed_dpeg_circular_temple

Skill      XL: |  1  2  3  4  5  6  7  8  9 10 11 |
---------------+----------------------------------+-----
Fighting       | 3 4 5 6 7 8 |  8.2
Axes           | 3 4 5 6 8 10 12 | 12.9
Shields        | 4 5 6 7 9 |  9.8
Armour         | 4 5 6 7 9 |  9.9

Action                   |  1- 3 |  4- 6 |  7- 9 | 10-12 || total
-------------------------+-------+-------+-------+-------++-------
Melee: War axe           |    64 |   176 |   393 |   473 ||  1106
Invok: Potion Petition   |       |       |       |     1 ||     1
 Abil: Heal Wounds       |     1 |     8 |    13 |    24 ||    46
  Use: Scroll            |       |       |    13 |       ||    13
       Potion            |       |       |       |     3 ||     3
 Stab: Distracted        |       |       |       |     4 ||     4
  Eat: Chunk             |       |     2 |     6 |       ||     8
       Ration            |       |       |     2 |     2 ||     4
Armor: Scale mail        |    44 |    83 |    99 |       ||   226
       Chain mail        |       |       |    86 |   214 ||   300
Dodge: Dodged            |    34 |    46 |   112 |    99 ||   291
Block: Kite shield       |    47 |   115 |   220 |   273 ||   655

Table legend:
 A = Non-vault XP
 B = Vault XP
 C = Vault XP percentage of total XP
 D = Non-vault monster count
 E = Vault monster count
 F = Vault count percentage of total count
                 A         B        C        D         E       F
            +---------+---------+-------+---------+---------+-------
      Total |    9705 |    8731 |  47.4 |     218 |      50 |  18.7
            +---------+---------+-------+---------+---------+-------
        D:1 |       5 |       0 |   0.0 |       4 |       0 |   0.0
        D:2 |     162 |      36 |  18.2 |      24 |       1 |   4.0
        D:3 |     141 |     290 |  67.3 |      21 |       1 |   4.5
        D:4 |     467 |       0 |   0.0 |      30 |       0 |   0.0
        D:5 |     671 |      55 |   7.6 |      16 |       4 |  20.0
        D:6 |     588 |       0 |   0.0 |      19 |       0 |   0.0
        D:7 |     833 |       0 |   0.0 |      15 |       0 |   0.0
        D:8 |    2386 |     165 |   6.5 |      30 |       8 |  21.1
        D:9 |    1126 |    5021 |  81.7 |      18 |      28 |  60.9
       D:10 |    1927 |     434 |  18.4 |      22 |       1 |   4.3
       D:11 |    1399 |    2730 |  66.1 |      19 |       7 |  26.9
            +---------+---------+-------+---------+---------+-------
